AoeStats
← CavArchers

Nomad

510251501Analyzed
4v4 RM · 2d ago on Sep 30, 2026· 51m 36s· 8 players
Game mode
Random Map
Map size
231×231
Population
200
Speed
Normal
Resources
Standard
Victory
Conquest
Starting age
Dark Age
Ending age
Imperial Age
RankedLock teamsTeams togetherTeam positionsShared explorationLock speedFull tech treeHidden civsTurbo modeCheats
Victory
Defeat
🇧🇷 Persians · Brazil
1452
+8
🇧🇷 Vietnamese · Brazil
1406
+10
🇧🇷 Georgians · Brazil
1385
+11
1378
+11
🇨🇳 Mongols · China
1346
-13
🇨🇳 Italians · China
1298
-11
🇲🇽 Varangians · Mexico
1211
-8
🇨🇴 Varangians · Colombia
1202
-8
Nomore
5:26 Loom
14:20 Feudal Age
15:48 Wheelbarrow
15:05 Fishing Lines
15:26 Double-Bit Axe
18:32 Horse Collar
19:05 Gold Mining
19:07 Stone Mining
21:49 Castle Age
19:49 Fletching
21:04 Bloodlines
21:08 Bloodlines
21:00 Padded Archer Armor
23:27 Medium Warships
24:05 Bow Saw
24:07 Husbandry
24:06 Bodkin Arrow
25:01 Town Watch
27:34 Leather Archer Armor
29:06 Gillnets
29:59 Heavy Plow
32:44 Imperial Age
36:25 Imperial Age
36:25 Hand Cart
37:35 Conscription
38:35 Masonry
39:27 Chemistry
38:32 Elite Mangudai
39:57 Ballistics
42:17 Gold Shaft Mining
44:08 Bracer
45:55 Murder Holes
47:33 Scale Mail Armor
CavArchers
4:45 Loom
22:22 Feudal Age
24:08 Scale Mail Armor
24:18 Forging
25:37 Fletching
28:55 Castle Age
30:03 Wheelbarrow
29:33 Pikeman
30:47 Chain Mail Armor
33:57 Gold Mining
34:55 Town Watch
39:25 Bodkin Arrow
39:31 Padded Archer Armor
42:44 Leather Archer Armor
48:22 Imperial Age
50:19 Imperial Age
49:29 Ballistics
50:28 Horse Collar
DSLG | Tlaloc159
6:08 Loom
14:50 Feudal Age
17:43 Town Watch
17:59 Man-at-Arms
18:44 Double-Bit Axe
20:34 Wheelbarrow
23:54 Castle Age
24:27 Scale Barding Armor
24:34 Forging
26:05 Bow Saw
33:30 Fishing Lines
36:29 Bloodlines
36:58 Husbandry
38:26 Gillnets
39:15 Chain Barding Armor
40:22 Iron Casting
41:47 Gold Mining
41:49 Stone Mining
44:48 Imperial Age
46:17 Plate Barding Armor
47:44 Light Cavalry
48:27 Scale Mail Armor
49:29 Blast Furnace
49:02 Pikeman
49:57 Scale Mail Armor
Rata Preñadora
4:45 Loom
13:18 Feudal Age
13:50 Town Watch
17:26 Castle Age
15:46 Double-Bit Axe
16:46 Gold Mining
16:59 Fishing Lines
18:30 Gillnets
19:29 Wheelbarrow
19:34 Bow Saw
20:15 Scale Barding Armor
20:41 Hand Cart
26:09 Chain Barding Armor
32:17 Imperial Age
31:35 Forging
32:51 Bloodlines
32:42 Husbandry
32:07 Vendel Legacy
34:48 Cavalier
37:08 Two-Man Saw
38:55 Plate Barding Armor
TmZ_razi
3:12 Loom
14:27 Feudal Age
19:08 Double-Bit Axe
20:24 Forging
20:40 Scale Barding Armor
23:02 Castle Age
21:46 Scale Barding Armor
22:52 Forging
23:07 Bloodlines
30:56 Scale Mail Armor
31:47 Town Watch
32:17 Horse Collar
33:22 Fishing Lines
35:17 Man-at-Arms
39:36 Imperial Age
38:01 Ballistics
38:33 Town Patrol
39:10 Wheelbarrow
38:41 Fletching
38:54 Arson
39:06 Gold Mining
39:35 Squires
41:31 Hoardings
42:52 Bodkin Arrow
43:57 Padded Archer Armor
45:33 Guard Tower
46:32 Treadmill Crane
48:11 Bow Saw
48:02 Heavy Plow
48:10 Stone Mining
50:30 Chemistry
50:38 Bracer
52:01 Chain Mail Armor
TmZ_ piccoLo sayajiN-*
3:49 Loom
14:09 Feudal Age
15:37 Town Watch
18:58 Wheelbarrow
22:21 Double-Bit Axe
37:44 Castle Age
38:51 Forging
40:41 Medium Warships
51:18 Careening
51:32 Hand Cart
52:03 Clinker Construction
TmZ_Mosquito Sedutor
5:12 Loom
14:55 Feudal Age
15:35 Double-Bit Axe
16:01 Town Watch
17:02 Wheelbarrow
17:17 Wheelbarrow
20:32 Castle Age
18:26 Gold Mining
18:33 Stone Mining
18:43 Fishing Lines
20:04 Bloodlines
21:25 Bow Saw
20:57 Horse Collar
22:06 Heavy Plow
22:02 Gillnets
25:50 Scale Barding Armor
25:56 Forging
27:48 Chain Barding Armor
28:04 Iron Casting
28:24 Gold Shaft Mining
28:25 Stone Shaft Mining
29:23 Stone Shaft Mining
35:51 Imperial Age
34:26 Hand Cart
35:55 Husbandry
35:40 Cavalier
36:53 Town Patrol
37:24 Conscription
39:25 Blast Furnace
39:01 Plate Barding Armor
39:23 Plate Barding Armor
39:37 Savar
40:50 Citadels
43:45 Ballistics
46:55 Fletching
49:40 Crop Rotation
50:17 Two-Man Saw
50:08 Hoardings
TmZ_Zanat
3:16 Loom
16:32 Feudal Age
21:02 Castle Age
20:15 Scale Barding Armor
21:11 Forging
21:00 Double-Bit Axe
21:09 Gold Mining
21:54 Horse Collar
22:49 Man-at-Arms
27:08 Bloodlines
27:37 Husbandry
29:54 Chain Barding Armor
31:21 Wheelbarrow
31:22 Stone Mining
33:57 Iron Casting
33:40 Bow Saw
34:31 Hand Cart
34:21 Heavy Plow
34:19 Long Swordsman
36:45 Fletching
37:13 Town Watch
40:34 Imperial Age
40:55 Elite Monaspa
41:59 Conscription
44:41 Plate Barding Armor
46:36 Blast Furnace
46:15 Cavalier
46:16 Light Cavalry
48:51 Bodkin Arrow
50:26 Aznauri Cavalry
Connection lost

Rejoining the realm…

Still unreachable

The connection could not be restored.

Session expired

The server has moved on; the page needs a fresh start.